 Dungeon Crawl Stone Soup version 0.24-a0-618-ge4662a2d14 (webtiles) character file.

Game seed: 8249126535058972463, levelgen mode: deterministic

203 MordorOrchid the Chiller (level 5, 0/41 HPs)
             Began as a Draconian Ice Elementalist on Sept 16, 2019.
             Killed from afar by an orc wizard (2 damage)
             ... with a magic dart
             ... on level 4 of the Dungeon.
             The game lasted 00:14:49 (1979 turns).

MordorOrchid the Chiller (DrIE)                     Turns: 1979, Time: 00:14:49

Health: 0/41       AC:  9    Str: 10    XL:     5   Next: 51%
Magic:  3/9        EV: 12    Int: 16    God:
Gold:   107        SH:  3    Dex: 12    Spells: 4/10 levels left

rFire    . . .     SeeInvis .   y - +0 dagger
rCold    . . .     Gourm    .   (no shield)
rNeg     . . .     Faith    .   (armour unavailable)
rPois    .         Spirit   .   (helmet restricted)
rElec    .         Reflect  +   r - +0 cloak
rCorr    .         Harm     .   l - +2 pair of gloves
MR       .....                  (no boots)
Stlth    ++........             k - +3 amulet of reflection
HPRegen  0.13/turn              (no ring)
MPRegen  0.11/turn              (no ring)

@: no status effects
A: unfitting armour, cold-blooded, AC +5
a: no special abilities


You were on level 4 of the Dungeon.
You were hungry.

You visited 1 branch of the dungeon, and saw 4 of its levels.

You collected 107 gold pieces.

Inventory:

Hand Weapons
 j - a +0 hunting sling
 y - a +0 dagger (weapon)
Missiles
 c - 62 stones (quivered)
 i - 52 bolts
 o - 21 sling bullets
Armour
 a - a +0 buckler
 l - a +2 pair of gloves (worn)
 r - a +0 cloak (worn)
Jewellery
 k - a +3 amulet of reflection (around neck)
Scrolls
 n - a scroll of remove curse
Potions
 d - a potion of degeneration {unknown}
 e - a potion of cancellation
 g - 2 potions of haste {unknown}
 h - 5 potions of curing
 m - a potion of lignification {unknown}
 q - 2 potions of might {unknown}
 s - a potion of magic {unknown}
Comestibles
 b - 6 rations


   Skills:
 - Level 2.0 Fighting
 * Level 2.5 Dodging
 * Level 2.6 Stealth
 + Level 3.0 Spellcasting
 * Level 1.7 Conjurations
 * Level 0.6 Charms
 + Level 3.9 Ice Magic


You had 4 spell levels left.
You knew the following spells:

 Your Spells              Type           Power        Failure   Level  Hunger
a - Freeze                Ice            ###.         3%          1    #......
b - Throw Frost           Conj/Ice       ##....       9%          2    ##.....
c - Ozocubu's Armour      Chrm/Ice       #.......     22%         3    ###....

Your spell library contained the following spells:

 Spells                   Type           Power        Failure   Level  Hunger
 Throw Icicle             Conj/Ice       ##......     50%         4    #####..
 Summon Ice Beast         Ice/Summ       #.......     63%         4    #####..


Dungeon Overview and Level Annotations

Branches:
Dungeon (4/15)
 Temple: D:4-7

Altars:

Annotations:
D:2 Natasha


Innate Abilities, Weirdness & Mutations

Your plain brown scales are hard. (AC +5)
You cannot fit into any form of body armour.
You are cold-blooded and may be slowed by cold attacks.


Message History

The orc wizard gestures wildly while chanting.
The orc wizard seems to speed up.
The orc priest invokes the aid of Beogh against you.
Pain shoots through your body!
* * * LOW HITPOINT WARNING * * *
Casting: Freeze (safe; 3% risk of failure)
Confirm with . or Enter, or press ? or * to list all spells.
Aiming: Freeze (safe; 3% risk of failure)
Press: ? - help, Shift-Dir - straight line, f/p - orc priest
Aim: an orc priest (almost dead)
You freeze the orc priest.
You kill the orc priest!
Your Spellcasting skill increases to level 3!
You hear some strange, mumbled words.
Something tries to affect you, but you resist.
Unknown command.
Okay, then.
A magic dart appears from out of thin air!
The magic dart hits you.
You die...

#.....####
#........#
#........#
#####....#
#....# #....#
#....#
#....#########
#....'...o{†@#
#....#########
####.# #.# #o#
#.# #.# #.#
#.# #.# #.#
#{# #o# #.#
#.# #)# ##


You could see an orc wizard.

Vanquished Creatures
  2 orc priests (D:4)
  A worker ant (D:4)
  3 gnolls
  3 adders (D:2)
  A worm (D:2)
  A dart slug (D:2)
  3 leopard geckos
  An orc (D:3)
  2 ball pythons (D:2)
  3 bats
  3 giant cockroaches
  9 hobgoblins
  4 jackals (D:1)
  A quokka (D:3)
  4 frilled lizards
  6 goblins
  7 kobolds
  7 rats
61 creatures vanquished.

Notes
Turn   | Place    | Note
-------+----------+-------------------------------------------
     0 | D:1      | MordorOrchid the Draconian Ice Elementalist began the quest
                  | for the Orb.
     0 | D:1      | Reached XP level 1. HP: 14/14 MP: 3/3
   155 | D:1      | Reached XP level 2. HP: 16/20 MP: 1/5
   430 | D:1      | Learned a level 2 spell: Throw Frost
   606 | D:2      | Noticed Natasha
   666 | D:2      | Reached XP level 3. HP: 27/27 MP: 3/6
   700 | D:2      | Reached skill level 1 in Fighting
   968 | D:2      | Reached XP level 4. HP: 35/35 MP: 3/7
   973 | D:2      | Learned a level 3 spell: Ozocubu's Armour
  1760 | D:4      | Reached XP level 5. HP: 41/41 MP: 1/9
  1977 | D:4      | HP: 1/41 [orc priest/nerve-wracking pain (14)]
  1979 | D:4      | Killed from afar by an orc wizard

Levels and vault maps discovered:
D:1:      onia_arrival_pentagram, layout_basic
D:2:      layout_basic, uniq_natasha
D:3:      layout_basic, gammafunk_temple_overflow_elements, first_ration
D:4:      layout_basic, minmay_misc_feat_four_crosses, patterned_corridor,
          uniq_sigmund

Skill      XL: |  1  2  3  4  5 |
---------------+----------------+-----
Dodging        | 2 |  2.5
Stealth        | 2 |  2.6
Fighting       | 1 2 |  2.0
Spellcasting   | 3 |  3.0
Conjurations   | |  1.7
Charms         | |  0.6
Ice Magic      | |  3.9

Action                   |  1- 3 |  4- 6 || total
-------------------------+-------+-------++-------
Melee: Club              |    15 |       ||    15
       Unarmed           |     1 |       ||     1
       Dagger            |    35 |    28 ||    63
       Tailslap          |     3 |     2 ||     5
Throw: Stone             |     2 |       ||     2
 Cast: Freeze            |    38 |    42 ||    80
       Throw Frost       |     8 |     6 ||    14
  Use: Scroll            |     5 |     1 ||     6
       Potion            |       |     1 ||     1
 Stab: Sleeping          |     6 |     1 ||     7
  Eat: Chunk             |     1 |     4 ||     5
Armor: Skin              |    25 |    14 ||    39
Dodge: Dodged            |    51 |    26 ||    77
Block: Other             |     2 |     7 ||     9

Table legend:
 A = Non-vault XP
 B = Vault XP
 C = Vault XP percentage of total XP
 D = Non-vault monster count
 E = Vault monster count
 F = Vault count percentage of total count
                 A         B        C        D         E       F
            +---------+---------+-------+---------+---------+-------
      Total |     291 |       0 |   0.0 |      61 |       0 |   0.0
            +---------+---------+-------+---------+---------+-------
        D:1 |      36 |       0 |   0.0 |      24 |       0 |   0.0
        D:2 |      89 |       0 |   0.0 |      20 |       0 |   0.0
        D:3 |      49 |       0 |   0.0 |      13 |       0 |   0.0
        D:4 |     117 |       0 |   0.0 |       4 |       0 |   0.0
            +---------+---------+-------+---------+---------+-------
